 Dungeon Crawl Stone Soup version 0.24.0-13-gcf9b3192b9 (webtiles) character file.

Game seed: 6033475824029842324, levelgen mode: deterministic

166 zkyp the Chopper (level 5, 0/45 HPs)
             Began as a Minotaur Berserker on Nov 10, 2019.
             Was a Believer of Trog.
             Slain by a hobgoblin
             ... wielding a +0 club
             ... led by Robin
              (5 damage)
             ... on level 2 of the Dungeon.
             The game lasted 00:00:55 (1131 turns).

zkyp the Chopper (Minotaur Berserker)               Turns: 1131, Time: 00:00:56

Health: 0/45       AC:  3    Str: 23    XL:     5   Next: 22%
Magic:  4/4        EV: 12    Int:  4    God:    Trog [**....]
Gold:   50         SH:  0    Dex:  9    Spells: 4/4 levels left

rFire    . . .     SeeInvis .   a - +0 hand axe
rCold    . . .     Gourm    .   (no shield)
rNeg     . . .     Faith    .   b - +0 animal skin
rPois    .         Spirit   .   (helmet restricted)
rElec    .         Reflect  .   (no cloak)
rCorr    .         Harm     .   g - +0 pair of gloves
MR       .....                  (no boots)
Stlth    +.........             (no amulet)
HPRegen  0.15/turn              (no ring)
MPRegen  0.09/turn              (no ring)

@: berserk cooldown, slowed, very slow
A: retaliatory headbutt, horns 2
a: Berserk, Trog's Hand, Renounce Religion


You were on level 2 of the Dungeon.
You worshipped Trog.
Trog was pleased with you.
You were very hungry.

You visited 1 branch of the dungeon, and saw 3 of its levels.

You collected 50 gold pieces.

Inventory:

Hand Weapons
 a - a +0 hand axe (weapon)
Armour
 b - a +0 animal skin (worn)
 g - a +0 pair of gloves (worn)
Scrolls
 e - a scroll of magic mapping {unknown}
 h - 2 scrolls of teleportation {unknown}
 i - a scroll of amnesia {unknown}
 j - a scroll of identify {unknown}
Potions
 d - a potion of haste {unknown}
 f - 3 potions of heal wounds {unknown}
 k - a potion of might {unknown}
 m - a potion of agility {unknown}
Comestibles
 c - 5 rations


   Skills:
 - Level 3.6 Fighting
 + Level 7.2 Axes
 - Level 2.4 Armour
 - Level 2.1 Dodging


You had 4 spell levels left.
You didn't know any spells.
Your spell library was empty.

Dungeon Overview and Level Annotations

Branches:
Dungeon (3/15)

Altars:

Annotations:
D:2 Robin


Innate Abilities, Weirdness & Mutations

You reflexively headbutt those who attack you in melee.
You have a pair of horns on your head.


Message History

The orc priest is almost dead.
You barely miss the orc priest. You headbutt the orc priest.
You kill the orc priest!
Trog accepts your kill.
You can now call upon Trog for regeneration and magic resistance.
Your Axes skill increases to level 7!
The giant cockroach waves its antennae.
You feel a strong urge to attack something.
You are no longer berserk.
You are exhausted.
You feel yourself slow down.
There is a stone staircase leading up here.
You climb upwards.
Robin shouts!
The hobgoblin shouts!
The goblin shouts! x2
The hobgoblin shouts! x3; The goblin shouts! x3; The hobgoblin shouts!
The leopard gecko hisses angrily.
A bat comes into view. x2
Robin throws the goblin at you! The bat closely misses you.
The hobgoblin hits you with a +0 club.
You die...

.........#
....######
#########
....#
#..g....#
#####
#...g...#
..#
#g.g....####
..#####
#gg.g.......
......#
#..g...l....
.....>#
#...g.......
......#
#..g@b......
......#
####g.......
#######
#........
#)....b..
#........
#........
#........
#######..


You could see Robin, a leopard gecko, 5 hobgoblins, 5 goblins and 2 bats.

Vanquished Creatures
  An ogre (D:2)
  An orc priest (D:3)
  2 adders (D:2)
  A dart slug (D:1)
  4 orcs (D:2)
  A giant cockroach (D:1)
  4 hobgoblins (D:1)
  4 jackals (D:3)
  4 bats
  3 goblins
  2 kobolds
  3 rats
30 creatures vanquished.

Notes
Turn   | Place    | Note
-------+----------+-------------------------------------------
     0 | D:1      | zkyp the Minotaur Berserker began the quest for the Orb.
     0 | D:1      | Reached XP level 1. HP: 19/19 MP: 0/0
   169 | D:1      | Reached skill level 4 in Axes
   174 | D:1      | Reached XP level 2. HP: 13/26 MP: 1/1
   672 | D:2      | Reached skill level 5 in Axes
   740 | D:2      | Noticed an ogre
   745 | D:2      | Killed an ogre
   745 | D:2      | Reached skill level 6 in Axes
   745 | D:2      | Reached XP level 3. HP: 31/31 MP: 2/2
   745 | D:2      | Reached XP level 4. HP: 39/39 MP: 3/3
  1109 | D:3      | Reached XP level 5. HP: 44/45 MP: 4/4
  1124 | D:3      | Reached ** piety under Trog
  1124 | D:3      | Reached skill level 7 in Axes
  1131 | D:2      | Noticed Robin
  1131 | D:2      | Slain by a hobgoblin

Levels and vault maps discovered:
D:1:      dpeg_arrival_snail, layout_loops_ring, minmay_statues_item
D:2:      layout_basic, first_ration, wad_orctagon, uniq_robin
D:3:      layout_basic

Skill      XL: |  1  2  3  4  5 |
---------------+----------------+-----
Axes           | 4 6 7 |  7.2
Fighting       | |  3.6
Armour         | |  2.4
Dodging        | |  2.1

Action                   |  1- 3 |  4- 6 || total
-------------------------+-------+-------++-------
Melee: Hand axe          |    28 |    28 ||    56
       Headbutt          |     4 |     7 ||    11
Invok: Berserk           |     2 |     1 ||     3
 Stab: Sleeping          |     1 |       ||     1
  Eat: Chunk             |       |     2 ||     2
Armor: Animal skin       |     6 |     9 ||    15
Dodge: Dodged            |    21 |    15 ||    36
